 Dungeon Crawl Stone Soup version 0.31-a0-185-g9dded2c639 (webtiles) character file.

Game seed: 15500760986688193912

1881 qw the Skirmisher (level 8, -1/46 HPs)
             Began as a Deep Elf Hunter on June 22, 2023.
             Slain by a hornet (12 damage)
             ... while paralysed by a hornet
             ... on level 8 of the Dungeon.
             The game lasted 00:02:59 (6062 turns).

qw the Skirmisher (Deep Elf Hunter)                 Turns: 6062, Time: 00:03:00

Health: -1/46      AC:  9    Str: 10    XL:     8   Next: 91%
Magic:  10/10      EV:  2    Int: 15    God:
Gold:   296        SH:  0    Dex: 18    Spells: 7/7 levels left

rFire   + + .        Y - +2 orcbow
rCold   x . .        (shield currently unavailable)
rNeg    . . .        t - +3 leather armour of Complete Protection {rPois rF+ rC- Slay+4}
rPois   +            (no helmet)
rElec   .            c - +0 cloak
rCorr   .            k - +1 pair of gloves
SInv    .            (no boots)
Will    +....        f - amulet of regeneration
Stlth   ++           n - ring of protection from fire
HPRegen 1.07/turn    q - ring of willpower
MPRegen 0.12/turn

%: no passive effects
@: paralysed, lethally poisoned (-1 -> -2)
A: no striking features
a: no special abilities


You were on level 8 of the Dungeon.
You visited 2 branches of the dungeon, and saw 9 of its levels.

You collected 386 gold pieces.
You spent 90 gold pieces at shops.


   Skills:
 - Level 3.1 Fighting
 - Level 14.0 Ranged Weapons
 - Level 1.5 Armour
 + Level 5.1 Dodging
 - Level 1.2 Stealth


You had 7 spell levels left.
You didn't know any spells.
Your spell library was empty.

Inventory:

Hand Weapons
 Y - a +2 orcbow (weapon)
Armour
 c - a +0 cloak (worn)
 g - the +1 leather armour "Hystaefa" {SInv}
   (You found it on level 6 of the Dungeon)

   SInv:      It lets you see invisible.
 k - a +1 pair of gloves (worn)
 t - the +3 leather armour of Complete Protection (worn) {rPois rF+ rC- Slay+4}
   (You found it on level 7 of the Dungeon)

   Slay:      It affects your accuracy & damage with ranged weapons and melee
   (+4).
   rF:        It protects you from fire.
   rC:        It makes you vulnerable to cold.
   rPois:     It protects you from poison.
Jewellery
 f - an amulet of regeneration (around neck)
 n - a ring of protection from fire (left hand)
 q - a ring of willpower (right hand)
Scrolls
 i - 2 scrolls of identify
 l - a scroll of vulnerability {unknown}
Potions
 a - 2 potions of mutation
 b - 3 potions of might
 d - a potion of magic {unknown}
 e - a potion of invisibility {unknown}
 h - 3 potions of heal wounds
 j - a potion of enlightenment {unknown}
 m - 3 potions of curing
 p - a potion of ambrosia {unknown}

Dungeon Overview and Level Annotations

Branches:
Dungeon (8/15)             Temple (1/1) D:6
   Lair: D:8-11

Altars:
Ashenzari
Dithmenos
Fedhas
Hepliaklqana
Makhleb
Nemelex Xobeh
Qazlal
Ru
Sif Muna
Trog
Vehumet
Wu Jian
Xom
The Shining One

Shops:
D:3 ?   D:7 *

Annotations:
D:6 4 runed translucent doors, Crazy Yiuf; qw's ghost, novice NaHu


Message History

The ice beast is moderately wounded.
You shoot an arrow. The arrow hits the ice beast!
The ice beast is heavily wounded.
You shoot an arrow. The arrow hits the ice beast!
The ice beast is almost dead.
You shoot an arrow. The arrow hits the ice beast.
You kill the ice beast!
Your Ranged Weapons skill increases to level 14!
i - 2 scrolls of identify (gained 1)
A hornet comes into view.
Enter note:
Enter note:
Enter note:
Enter note: You shoot an arrow.
The hornet buzzes angrily.
The arrow hits the hornet but does no damage.
You shoot an arrow. The arrow hits the hornet.
The hornet is lightly wounded.
You shoot an arrow. The arrow barely misses the hornet.
You shoot an arrow. The arrow closely misses the hornet.
You shoot an arrow. The arrow hits the hornet.
The hornet is lightly wounded.
You shoot an arrow. The arrow closely misses the hornet.
The hornet closely misses you. The hornet stings you.
You shoot an arrow. The arrow misses the hornet.
The hornet barely misses you.
You shoot an arrow. The arrow hits the hornet!
The hornet is moderately wounded.
The hornet stings you but does no damage.
You shoot an arrow. The arrow hits the hornet.
The hornet is heavily wounded.
The hornet stings you! The hornet stings you.
You are poisoned.
You shoot an arrow. The arrow hits the hornet.
The hornet is severely wounded.
You feel sick. The hornet stings you!
You suddenly lose the ability to move!
You feel sick. The hornet stings you!
You feel sick. The hornet stings you!
You die...

# #.# ##.#####... # ..
#..# #.# #.## ..# #.#
### ##.# #..#
########## #
#.#####.........
###..##.##............
..............@y....$.
####..>.##............
###.###............
... #....######## #...
#....# #... #....#
.... #....# .....
#....#


You could see a hornet.

Vanquished Creatures
  Joseph (D:7)
  An orc warrior (D:7)
  A sky beast (D:7)
  An ogre (D:6)
  An ice beast (D:8)
  A centaur (D:5)
  Blork the orc (D:5)
  A kobold brigand (D:7)
  2 bullfrogs
  2 scorpions
  A wight (D:8)
  A howler monkey (D:4)
  A jelly (D:7)
  2 orc priests (D:5)
  4 hounds
  5 iguanas
  3 orc wizards
  2 sleepcaps
  A gnoll (D:2)
  3 adders (D:2)
  A shadow imp (D:5)
  3 white imps
  An ufetubus (D:6)
  14 orcs
  11 ball pythons
  6 endoplasms
  5 giant cockroaches
  7 goblins
  3 hobgoblins
  8 jackals
  6 quokkas
  3 bats
  5 frilled lizards
  9 kobolds
  6 rats
123 creatures vanquished.

Notes
Turn   | Place    | Note
-------+----------+-------------------------------------------
     0 | D:1      | qw the Deep Elf Hunter began the quest for the Orb.
     0 | D:1      | Reached XP level 1. HP: 12/12 MP: 3/3
     0 | D:1      | 0 ||| qw: Version: 0.3-a-9-g12657ce
     0 | D:1      | 0 ||| qw: Game counter: 1885
     0 | D:1      | 0 ||| qw: Always use a shield: true
     0 | D:1      | 0 ||| qw: God list: Okawaru
     0 | D:1      | 0 ||| qw: Allow faded altars: false
     0 | D:1      | 0 ||| qw: Do Orc after D:15 true
     0 | D:1      | 0 ||| qw: Do second Lair branch before Depths: true
     0 | D:1      | 0 ||| qw: Lair rune preference: random
     0 | D:1      | 0 ||| qw: Plans: Normal
     0 | D:1      | 0 ||| PLANNING D:1-11
   204 | D:1      | Reached XP level 2. HP: 16/16 MP: 4/4
   210 | D:1      | Reached skill level 6 in Ranged Weapons
   720 | D:1      | 720 ||| UPGRADING to amulet of regeneration.
   725 | D:1      | 725 ||| READING scroll labelled CEUXEI PEAMMUE.
   726 | D:1      | 726 ||| READING 2 scrolls labelled WOLAAF UR JUF.
   727 | D:1      | 727 ||| READING scroll labelled BAOLE LER FAE.
   728 | D:1      | 728 ||| READING scroll labelled UNUNOO KOKHLYMU.
   729 | D:1      | 729 ||| READING 2 scrolls labelled BEDARAVV ITTO.
   730 | D:1      | 730 ||| READING scroll labelled PEGIFI PALEDWU.
   731 | D:1      | 731 ||| DROPPING scroll of butterflies.
   732 | D:1      | 732 ||| DROPPING scroll of poison.
   734 | D:1      | 734 ||| Stepping ~*~*~tactically~*~*~ (cloud).
   734 | D:1      | HP: 3/16 [poisoned by you (poison gas)]
   737 | D:1      | HP: 1/16 [poisoned by you (poison gas)]
   790 | D:2      | Reached XP level 3. HP: 20/20 MP: 5/5
   870 | D:2      | 870 ||| READING 3 scrolls of enchant weapon.
   870 | D:2      | 870 ||| ENCHANTING +1 shortbow of freezing.
   871 | D:2      | 871 ||| READING 2 scrolls of enchant weapon.
   871 | D:2      | 871 ||| ENCHANTING +2 shortbow of freezing.
   872 | D:2      | 872 ||| READING scroll of enchant weapon.
   872 | D:2      | 872 ||| ENCHANTING +3 shortbow of freezing.
  1123 | D:2      | Reached skill level 7 in Ranged Weapons
  1144 | D:2      | Found a faded altar of an unknown god.
  1232 | D:2      | Reached XP level 4. HP: 25/25 MP: 6/6
  1605 | D:2      | 1605 ||| READING 3 scrolls labelled QUCUUN TIRPHOYXT.
  1606 | D:2      | 1606 ||| READING scroll labelled DAETICR OSTRO.
  1607 | D:2      | 1607 ||| DRINKING 2 cyan potions.
  1608 | D:2      | 1608 ||| READING 2 scrolls of identify.
  1608 | D:2      | 1608 ||| IDENTIFYING emerald potion
  1609 | D:2      | 1609 ||| DROPPING 2 scrolls of blinking.
  1610 | D:2      | 1610 ||| DROPPING potion of lignification.
  1895 | D:3      | Found Natz's Magic Scroll Emporium.
  1905 | D:3      | 1905 ||| BUYING scroll of enchant armour (90 gold).
  1905 | D:3      | Bought a scroll of enchant armour for 90 gold pieces
  1905 | D:3      | 1905 ||| SHOPLISTING scroll of enchant armour (90 gold,
                  | have 20).
  1905 | D:3      | 1905 ||| SHOPLISTING scroll of identify (24 gold, have 20).
  1905 | D:3      | 1905 ||| SHOPLISTING scroll of teleportation (36 gold, have
                  | 20).
  2250 | D:3      | 2250 ||| UPGRADING to +0 scale mail.
  2260 | D:3      | 2260 ||| DROPPING +0 leather armour.
  2261 | D:3      | 2261 ||| UPGRADING to +0 pair of gloves.
  2266 | D:3      | 2266 ||| UPGRADING to +0 ring mail.
  2276 | D:3      | 2276 ||| DROPPING +0 scale mail.
  2277 | D:3      | 2277 ||| READING scroll of enchant armour.
  2277 | D:3      | 2277 ||| ENCHANTING +0 pair of gloves.
  2278 | D:3      | 2278 ||| READING 3 scrolls of identify.
  2278 | D:3      | 2278 ||| IDENTIFYING sapphire potion
  2279 | D:3      | 2279 ||| READING 2 scrolls of identify.
  2279 | D:3      | 2279 ||| IDENTIFYING dark potion
  2280 | D:3      | 2280 ||| DROPPING potion of brilliance.
  2319 | D:4      | Reached skill level 8 in Ranged Weapons
  2343 | D:4      | Reached XP level 5. HP: 29/29 MP: 7/7
  2447 | D:4      | You fall into a shaft and drop 2 floors!
  2459 | D:6      | Identified the +1 leather armour "Hystaefa" {SInv}
  2478 | D:6      | 2478 ||| UPGRADING to +0 cloak.
  2483 | D:6      | 2483 ||| UPGRADING to +1 leather armour "Hystaefa" {SInv}.
  2493 | D:6      | 2493 ||| READING 2 scrolls of identify.
  2493 | D:6      | 2493 ||| IDENTIFYING viscous blue potion
  2503 | D:5      | Entered Level 5 of the Dungeon
  2625 | D:4      | 2625 ||| Stepping ~*~*~tactically~*~*~ (outnumbered).
  2627 | D:4      | 2627 ||| Stepping ~*~*~tactically~*~*~ (outnumbered).
  2632 | D:4      | 2632 ||| FLEEEEING.
  2634 | D:4      | 2634 ||| Stepping ~*~*~tactically~*~*~ (outnumbered).
  2638 | D:4      | Reached skill level 9 in Ranged Weapons
  2642 | D:4      | Reached skill level 3 in Dodging
  2786 | D:4      | Reached XP level 6. HP: 35/35 MP: 8/8
  2984 | D:4      | 2984 ||| UPGRADING to ring of protection from fire.
  2985 | D:4      | 2985 ||| DRINKING 3 bubbling emerald potions.
  2986 | D:4      | 2986 ||| DRINKING 2 fuming orange potions.
  2987 | D:4      | 2987 ||| READING 2 scrolls of identify.
  2987 | D:4      | 2987 ||| IDENTIFYING sedimented amethyst potion
  2988 | D:4      | 2988 ||| DROPPING potion of attraction.
  2989 | D:4      | 2989 ||| DROPPING 2 potions of degeneration.
  3088 | D:5      | Noticed Blork the orc
  3094 | D:5      | Killed Blork the orc
  3095 | D:5      | Reached skill level 10 in Ranged Weapons
  3096 | D:5      | HP: 3/35 [iguana (10)]
  3097 | D:5      | 3097 ||| DRINKING 3 potions of heal wounds.
  3121 | D:5      | 3121 ||| DRINKING 2 potions of curing.
  3121 | D:5      | 3121 ||| (to cure confusion)
  3124 | D:5      | 3124 ||| FLEEEEING.
  3129 | D:5      | 3129 ||| FLEEEEING.
  3139 | D:5      | Reached XP level 7. HP: 40/40 MP: 9/9
  3347 | D:5      | 3347 ||| Stepping ~*~*~tactically~*~*~ (outnumbered).
  3349 | D:5      | Reached skill level 11 in Ranged Weapons
  3519 | D:5      | 3519 ||| SWAPPING to +0 orcbow.
  3521 | D:5      | 3521 ||| DROPPING +4 shortbow of freezing.
  3531 | D:5      | 3531 ||| READING 2 scrolls of identify.
  3531 | D:5      | 3531 ||| IDENTIFYING grey potion
  3532 | D:5      | 3532 ||| DROPPING potion of berserk rage.
  3627 | D:6      | Found a runed translucent gate.
  3627 | D:6      | Found a sacrificial altar of Ru.
  3738 | D:6      | Found a runed translucent gate.
  3741 | D:6      | Noticed qw's ghost (novice NaHu)
  3753 | D:6      | Found a runed translucent gate.
  3763 | D:6      | Found a staircase to the Ecumenical Temple.
  3764 | D:6      | 3764 ||| PLANNING TEMPLE
  3772 | Temple   | Entered the Ecumenical Temple
  3952 | Temple   | 3952 ||| PLANNING D:1-11
  3987 | D:6      | 3987 ||| READING scroll of enchant weapon.
  3987 | D:6      | 3987 ||| ENCHANTING +0 orcbow.
  4031 | D:6      | Found a runed translucent door.
  4032 | D:6      | Noticed Crazy Yiuf
  4947 | D:7      | Reached skill level 12 in Ranged Weapons
  5048 | D:7      | Reached XP level 8. HP: 35/45 MP: 10/10
  5080 | D:7      | Reached skill level 3 in Fighting
  5120 | D:7      | Reached skill level 1 in Armour
  5129 | D:7      | 5129 ||| Stepping ~*~*~tactically~*~*~ (outnumbered).
  5131 | D:7      | 5131 ||| Stepping ~*~*~tactically~*~*~ (outnumbered).
  5133 | D:7      | 5133 ||| Stepping ~*~*~tactically~*~*~ (outnumbered).
  5170 | D:7      | 5170 ||| READING scroll of enchant weapon.
  5170 | D:7      | 5170 ||| ENCHANTING +1 orcbow.
  5308 | D:7      | Found Exyiris's Overcharged Wands.
  5627 | D:7      | Identified the +3 leather armour of Complete Protection
                  | {rPois rF+ rC- Slay+4}
  5743 | D:7      | 5743 ||| DROPPING +2 robe of resistance.
  5744 | D:7      | 5744 ||| DROPPING +0 ring mail.
  5745 | D:7      | 5745 ||| UPGRADING to +3 leather armour of Complete
                  | Protection {rPois rF+ rC- Slay+4}.
  5755 | D:7      | 5755 ||| UPGRADING to ring of willpower.
  5756 | D:7      | 5756 ||| READING scroll labelled KICOECVAM.
  5757 | D:7      | 5757 ||| READING scroll labelled XAUZXELUTZ.
  5843 | D:8      | Noticed Joseph
  5844 | D:8      | 5844 ||| FLEEEEING.
  5845 | D:8      | 5845 ||| FLEEEEING.
  5846 | D:8      | 5846 ||| FLEEEEING.
  5847 | D:8      | 5847 ||| FLEEEEING.
  5848 | D:8      | 5848 ||| FLEEEEING.
  5851 | D:8      | 5851 ||| STAIRDANCE
  5866 | D:8      | 5866 ||| STAIRDANCE
  5876 | D:8      | 5876 ||| STAIRDANCE
  5880 | D:7      | Killed Joseph
  5881 | D:7      | Reached skill level 13 in Ranged Weapons
  6006 | D:8      | Found a glowing golden altar of the Shining One.
  6045 | D:8      | Reached skill level 14 in Ranged Weapons
  6050 | D:8      | Noticed a hornet
  6060 | D:8      | Paralysed by a hornet for 3 turns
  6062 | D:8      | HP: 11/46 [poisoned by a hornet]
  6062 | D:8      | Slain by a hornet

Levels and vault maps discovered:
D:1:      mrwooster_arrival_arrow, layout_loops_ring, hangedman_feature_mirror,
          minmay_pentomino_z4
D:2:      kennysheep_big_flooded_room, layout_basic,
          nicolae_ecumenical_snake_handling
D:3:      layout_basic, serial_shops, nicolae_shop_tiny_statue_garden,
          kennysheep_boxes
D:4:      layout_loops_cross
D:5:      layout_cave_pools, uniq_blork_the_orc
D:6:      layout_gridville, mainiacjoe_overflow_cross_hatched,
          minmay_temple_entry_junction, gammafunk_ghost_split,
          chequers_serial_rivers_micro_e, uniq_crazy_yiuf_cottage
D:7:      layout_basic, nicolae_shop_overcharged_wands
D:8:      layout_basic, overflow_temple_1_default, david_lair_generic,
          uniq_joseph
Temple:   minmay_temple_bridge_abc

Skill      XL: |  1  2  3  4  5  6  7  8 |
---------------+-------------------------+-----
Ranged Weapons | 6 7 8 9 10 12 14 | 14.0
Dodging        | 3 4 5 |  5.1
Fighting       | 2 3 |  3.1
Armour         | 1 |  1.5
Stealth        | |  1.2

Action                     |  1- 3 |  4- 6 |  7- 9 || total
---------------------------+-------+-------+-------++-------
   Fire: Shortbow          |   110 |   111 |    27 ||   248
         Orcbow            |       |       |   140 ||   140
    Use: Scroll            |     9 |     8 |     5 ||    22
         Potion            |       |     5 |       ||     5
 Armour: Leather armour    |     6 |     2 |    19 ||    27
         Ring mail         |       |     1 |       ||     1
  Dodge: Dodged            |    25 |     9 |    44 ||    78

Table legend:
 A = Non-vault XP
 B = Vault XP
 C = Vault XP percentage of total XP
 D = Non-vault monster count
 E = Vault monster count
 F = Vault count percentage of total count
                 A         B        C        D         E       F
            +---------+---------+-------+---------+---------+-------
      Total |    2041 |     647 |  24.1 |     109 |      14 |  11.4
            +---------+---------+-------+---------+---------+-------
        D:1 |      29 |      10 |  25.6 |      18 |       5 |  21.7
        D:2 |      49 |      45 |  47.9 |      23 |       7 |  23.3
        D:3 |      10 |       0 |   0.0 |       7 |       0 |   0.0
        D:4 |     264 |       0 |   0.0 |      18 |       0 |   0.0
        D:5 |     501 |      94 |  15.8 |      17 |       1 |   5.6
        D:6 |     238 |       0 |   0.0 |       6 |       0 |   0.0
        D:7 |     663 |     498 |  42.9 |      17 |       1 |   5.6
        D:8 |     287 |       0 |   0.0 |       3 |       0 |   0.0
            +---------+---------+-------+---------+---------+-------
